 Dungeon Crawl Stone Soup version 0.19.1 (webtiles) character file.

63 spooks32 the Chiller (level 3, -6/27 HPs)
             Began as a Mummy Ice Elementalist on Dec 23, 2016.
             Mangled by a worm (9 damage)
             ... on level 3 of the Dungeon.
             The game lasted 00:07:39 (2232 turns).

spooks32 the Chiller (Mummy Ice Elementalist)       Turns: 2232, Time: 00:07:40

Health: -6/27      AC:  2    Str: 11    XL:     3   Next: 87%
Magic:  1/6        EV: 12    Int: 14    God:
Gold:   104        SH:  0    Dex: 13    Spells: 2 memorised, 3 levels left

rFire  x . .     SeeInvis .     g - +0 falchion
rCold  + . .     Gourm    .     a - +0 robe
rNeg   + + +     Faith    .     (no shield)
rPois  ∞         Spirit   .     (no helmet)
rElec  .         Reflect  .     (no cloak)
rCorr  .         Harm     .     (no gloves)
MR     .....                    (no boots)
Stlth  ++........               (no amulet)
                                (no ring)
                                (no ring)

@: no status effects
A: no food or potions, fire vulnerability, cold resistance 1, negative energy
resistance 3, torment resistance, unbreathing
a: no special abilities


You were on level 3 of the Dungeon.
You were not hungry.

You visited 1 branch of the dungeon, and saw 3 of its levels.

You collected 104 gold pieces.

Inventory:

Hand Weapons
 g - a +0 falchion (weapon)
Armour
 a - a +0 robe (worn)
Jewellery
 i - an uncursed amulet of the gourmand
Scrolls
 d - a scroll of teleportation {unknown}
 e - a scroll of identify
 f - a scroll of recharging
 h - a scroll of random uselessness
 j - 2 scrolls of remove curse
Books
 b - a book of Frost

   Spells                             Type                      Level
   a - Freeze                         Ice                          1
   b - Throw Frost                    Conjuration/Ice              2
   c - Ozocubu's Armour               Charms/Ice                   3
   d - Throw Icicle                   Conjuration/Ice              4
   e - Summon Ice Beast               Ice/Summoning                4


   Skills:
 * Level 1.8 Fighting
 - Level 1.5 Dodging
 - Level 1.5 Stealth
 - Level 2.0 Spellcasting
 + Level 0.8 Conjurations
 + Level 3.5 Ice Magic


You had 3 spell levels left.
You knew the following spells:

 Your Spells              Type           Power        Failure   Level  Hunger
a - Freeze                Ice            ##..         6%          1    N/A
b - Throw Frost           Conj/Ice       #.....       17%         2    N/A

Dungeon Overview and Level Annotations

Branches:
Dungeon (3/15)

Altars:

Annotations:
D:2 Sigmund


Innate Abilities, Weirdness & Mutations

You do not eat or drink.
Your flesh is vulnerable to fire.
You are immune to poison.
Your flesh is cold resistant. (rC+)
You are immune to negative energy. (rN+++)
You are immune to unholy pain and torment.
You can survive without breathing.


Message History

The worm is almost dead.
The worm bites you.
You hit the worm but do no damage.
The worm is severely wounded.
The worm bites you!
You hit the worm.
The worm is severely wounded.
The worm bites you!
* * * LOW HITPOINT WARNING * * *
You barely miss the worm.
The worm is severely wounded.
Casting: Throw Frost
Confirm with . or Enter, or press ? or * to list all spells.
Aiming: Freeze
Press: ? - help, Shift-Dir - straight line, f/p - worm
Aim: a worm (severely wounded)
You freeze the worm.
The worm is severely wounded.
The worm bites you!
You die...

#......#.# #.....##.#
#### #..#.## # #..#
#..### #.## #..#####.#
#.##.###### #........#
#.# ..... #..####### #†#
#w.####..# #.# #.@#.##..#
#.# #..#.##..# #.#
#..#.##..########## #.#
#..#.##............ #.
#.######.#.###)##########
###.#####..............#
######
.......#########..######
#..... ###.##.## #..#
#.#### #.#...########.÷#
#†#


You could see a worm.

Vanquished Creatures
  Terence (D:2)
  A dart slug (D:1)
  2 orcs (D:3)
  3 bats (D:1)
  2 giant cockroaches
  4 goblins (D:1)
  4 hobgoblins
  5 frilled lizards
  4 kobolds (D:1)
  7 rats
33 creatures vanquished.

Notes
Turn   | Place    | Note
-------+----------+-------------------------------------------
     0 | D:1      | spooks32 the Mummy Ice Elementalist began the quest for the Orb.
     0 | D:1      | Reached XP level 1. HP: 13/13 MP: 3/3
   397 | D:1      | Reached XP level 2. HP: 20/20 MP: 3/5
   606 | D:1      | Reached skill level 1 in Fighting
   691 | D:1      | Learned a level 2 spell: Throw Frost
   797 | D:1      | Reached skill level 3 in Ice Magic
   893 | D:2      | Noticed Sigmund
   893 | D:2      | Noticed Terence
  1544 | D:2      | Killed Terence
  1544 | D:2      | Reached XP level 3. HP: 13/26 MP: 0/6
  2232 | D:3      | Mangled by a worm

Skill      XL: |  1  2 |
---------------+-------+-----
Fighting       | 1 |  1.8
Ice Magic      | 3 |  3.5
Dodging        | |  1.5
Stealth        | |  1.5
Spellcasting   | |  2.0
Conjurations   | |  0.8

Action                   || total
-------------------------++-------
Melee: Unarmed           ||     1
       Whip              ||    26
       Spear             ||    20
       Flail             ||     6
       Falchion          ||     5
 Cast: Freeze            ||    25
       Throw Frost       ||    11
  Use: Scroll            ||     7
 Stab: Sleeping          ||     4
Armor: Robe              ||     8
Dodge: Dodged            ||    36
